 Dungeon Crawl Stone Soup version 0.30.0-30-g96aa6591b8 (webtiles) character file.

Game seed: 18144054300462492182

1184 monsoonserge the Magician (level 8, -13/52 HPs)
             Began as a Djinni Necromancer on June 28, 2023.
             Mangled by a yak (16 damage)
             ... on level 5 of the Dungeon.
             The game lasted 00:19:49 (3324 turns).

monsoonserge the Magician (Djinni Necromancer)      Turns: 3324, Time: 00:19:51

Health: -13/52     AC:  4    Str:  7    XL:     8   Next: 70%
Gold:   182        EV: 12    Int: 18    God:
                   SH:  0    Dex: 15

rFire   + + .        a - +2 short sword (venom)
rCold   x . .        (no shield)
rNeg    . . .        y - +0 leather armour
rPois   ∞            (no helmet)
rElec   .            m - +0 cloak
rCorr   .            (no gloves)
SInv    .            (boots unavailable)
Will    .....        (no amulet)
Stlth   ++           o - ring of wizardry
HPRegen 0.28/turn    w - ring of wizardry
MPRegen 0.00/turn

%: wizardry (x2), infuse magic (-14 HP)
@: animating dead, flying
A: sickness immunity, fire resistance 2, cold vulnerability 1, float, innate
caster, HP casting, extra vitality 1
a: no special abilities


You were on level 5 of the Dungeon.
You visited 1 branch of the dungeon, and saw 5 of its levels.

You collected 182 gold pieces.

Inventory:

Hand Weapons
 a - a +2 short sword of venom (weapon)
 b - a +1 short sword of flaming
 I - a +3 quarterstaff of chaos
Missiles
 g - 2 boomerangs
 h - 2 poisoned darts (quivered)
 k - 4 silver javelins
Armour
 m - a +0 cloak (worn)
 n - a +0 ring mail
 y - a +0 leather armour (worn)
 A - a +0 chain mail
 B - a +0 scale mail
Jewellery
 e - an amulet of faith
 o - a ring of wizardry (left hand)
 w - a ring of wizardry (right hand)
Wands
 z - a wand of mindburst (10)
 E - a wand of flame (20)
Scrolls
 c - a scroll of silence {unknown}
 d - 2 scrolls of blinking {unknown}
 l - a scroll of immolation {unknown}
 p - 3 scrolls of identify {unknown}
 q - a scroll of teleportation {unknown}
 r - a scroll of brand weapon {unknown}
 s - 3 scrolls of amnesia {unknown}
 x - a scroll of acquirement {unknown}
 D - a scroll of fog {unknown}
 F - a scroll of vulnerability {unknown}
Potions
 f - 3 potions of curing {unknown}
 i - a potion of lignification {unknown}
 j - 2 potions of cancellation {unknown}
 t - a potion of ambrosia {unknown}
 u - a potion of haste {unknown}
 v - a potion of flight {unknown}
 C - a potion of berserk rage {unknown}
 G - 2 potions of heal wounds {unknown}
 H - a potion of might {unknown}


   Skills:
 * Level 1.3 Fighting
 + Level 0.3 Short Blades
 * Level 3.2 Armour
 + Level 2.5 Dodging
 - Level 2.0 Stealth
 * Level 7.4 Spellcasting
 + Level 1.0 Evocations


You knew the following spells:

 Your Spells              Type           Power      Damage    Failure   Level
a - Necrotise             Necr           100%       1d9       1%          1
b - Vampiric Draining     Necr           33%        2d8       1%          3
c - Animate Dead          Necr           33%        N/A       1%          4
d - Agony                 Necr           33%        N/A       5%          5
e - Foxfire               Conj/Fire      100%       2x1d9     1%          1
f - Wereblood             Tmut           33%        N/A       1%          2
g - Swiftness             Air            33%        N/A       1%          3
Your spell library was empty.

Dungeon Overview and Level Annotations

Branches:
Dungeon (5/15)
 Temple: D:4-7

Altars:
Hepliaklqana
Zin

Shops:
D:3 *


Innate Abilities, Weirdness & Mutations

You are immune to sickness and miasma.
You are immune to poison.
Your flesh is very heat resistant. (rF++)
You are vulnerable to cold. (rC-)
You float through the air rather than walking.
You learn spells naturally, not from books.
Your magical power is your life essence.
You have superior vitality. (+4 MHP)


Message History

Casting: Animate Dead (dangerous; 2% risk of failure)
Confirm with . or Enter, or press ? or * to list all spells.
Aiming: Vampiric Draining (safe; 1% risk of failure)
Press: ? - help, Shift-Dir - straight line, f - yak
Aim: a yak (almost dead)
You draw life force from the yak!
You kill the yak!
You feel life coursing into your body.
* * * LOW HITPOINT WARNING * * *
The dead are walking!
The yak barely misses you. x2
Casting: Vampiric Draining (safe; 1% risk of failure)
Confirm with . or Enter, or press ? or * to list all spells.
Aiming: Vampiric Draining (safe; 1% risk of failure)
Press: ? - help, Shift-Dir - straight line, f - yak
Aim: a yak (severely wounded)
You draw life force from the yak.
You feel life coursing into your body.
* * * LOW HITPOINT WARNING * * *
The yak misses you. The yak barely misses you.
Unknown command.
Casting: Vampiric Draining (safe; 1% risk of failure)
Confirm with . or Enter, or press ? or * to list all spells.
Aiming: Vampiric Draining (safe; 1% risk of failure)
Press: ? - help, Shift-Dir - straight line, f/p - yak
Aim: a yak (severely wounded)
You draw life force from the yak.
You feel life coursing into your body.
* * * LOW HITPOINT WARNING * * *
The yak gores you.
* * * LOW HITPOINT WARNING * * *
The yak closely misses you.
Casting: Vampiric Draining (safe; 1% risk of failure)
Confirm with . or Enter, or press ? or * to list all spells.
Aiming: Vampiric Draining (safe; 1% risk of failure)
Press: ? - help, Shift-Dir - straight line, f/p - yak
Aim: a yak (almost dead)
You draw life force from the yak!
You kill the yak!
You feel life coursing into your body.
* * * LOW HITPOINT WARNING * * *
The dead are walking!
Your yak zombie gores the yak.
The yak gores you!
You die...

........Y.....#####
..............#
..............#
..............#
..............#####
......########....#
...........>.#.Z..#
#............#ZY..#
#........#####..@.#
..#......#######'##
.........).......#
...##..).........#
..........########
##...##..##
..##.....#
....##...#
......####


You could see a yak (ally target) and 2 friendly yak zombies.

Vanquished Creatures
  Grinder (D:3)
  Sigmund (D:4)
  4 yaks
  2 orc priests
  A hound (D:4)
  Crazy Yiuf (D:3)
  A sleepcap (D:4)
  Natasha (twice) (D:3)
  3 orc wizards (D:3)
  2 adders
  A shadow imp (D:5)
  2 dart slugs
  A worm (D:2)
  19 orcs
  5 endoplasms
  A giant cockroach (D:3)
  7 goblins
  4 hobgoblins
  2 jackals (D:1)
  5 kobolds
  6 quokkas
  3 ball pythons
  7 bats
  2 frilled lizards (D:1)
  3 rats
  A spectral goblin (D:4)
87 creatures vanquished.

Vanquished Creatures (collateral kills)
  A dart slug (D:1)
  A jackal (D:1)
  A kobold (D:2)
  A rat (D:1)
  A foxfire (D:3)
5 creatures vanquished.

Vanquished Creatures (others)
  A kobold zombie (D:3)
  5 orc zombies
  188 foxfires
194 creatures vanquished.

Grand Total: 286 creatures vanquished

Notes
Turn   | Place    | Note
-------+----------+-------------------------------------------
     0 | D:1      | monsoonserge the Djinni Necromancer began the quest for the
                  | Orb.
     0 | D:1      | monsoonserge set off with the following spells memorised:
                  | Necrotise, Vampiric Draining, Animate Dead, Agony.
     0 | D:1      | Reached XP level 1. HP: 15/15 MP: 0/0
    44 | D:1      | Reached XP level 2. HP: 9/21 MP: 0/0
   260 | D:1      | Reached XP level 3. HP: 23/25 MP: 0/0
   260 | D:1      | Learned a level 1 spell: Foxfire
   613 | D:2      | Reached skill level 4 in Spellcasting
  1233 | D:3      | Found Zin's Purification Station.
  1235 | D:3      | Found a glowing silver altar of Zin.
  1252 | D:3      | You are sucked into a shaft and drop 1 floor!
  1260 | D:4      | Reached XP level 4. HP: 19/31 MP: 0/0
  1657 | D:4      | Reached XP level 5. HP: 14/35 MP: 0/0
  1657 | D:4      | Learned a level 2 spell: Wereblood
  1766 | D:4      | Reached skill level 5 in Spellcasting
  1841 | D:3      | Noticed Grinder
  1845 | D:3      | Reached skill level 1 in Armour
  1851 | D:3      | Reached XP level 6. HP: 27/40 MP: 0/0
  1865 | D:3      | Killed Grinder
  1866 | D:3      | Reached XP level 7. HP: 16/46 MP: 0/0
  1866 | D:3      | Learned a level 3 spell: Swiftness
  1886 | D:3      | Found a faded altar of an unknown god.
  2340 | D:3      | Noticed Natasha
  2346 | D:3      | Killed Natasha
  2347 | D:3      | Reached skill level 6 in Spellcasting
  2442 | D:3      | Noticed Natasha
  2449 | D:3      | Killed Natasha
  2515 | D:3      | Found a runed translucent door.
  2516 | D:3      | Noticed Crazy Yiuf
  2523 | D:3      | Killed Crazy Yiuf
  2858 | D:4      | Noticed Sigmund
  2864 | D:4      | Killed Sigmund
  2865 | D:4      | Reached XP level 8. HP: 47/51 MP: 0/0
  2976 | D:4      | Found a hazy altar of Hepliaklqana.
  3026 | D:5      | Entered Level 5 of the Dungeon
  3041 | D:5      | Noticed a yak
  3043 | D:5      | Noticed a yak
  3043 | D:5      | Noticed a yak
  3061 | D:4      | Killed a yak
  3062 | D:4      | Reached skill level 1 in Evocations
  3123 | D:5      | Noticed a yak
  3124 | D:5      | Noticed a yak
  3131 | D:4      | Killed a yak
  3132 | D:4      | Reached skill level 1 in Fighting
  3132 | D:4      | Reached skill level 7 in Spellcasting
  3309 | D:5      | Noticed a yak
  3321 | D:5      | Killed a yak
  3324 | D:5      | Killed a yak
  3324 | D:5      | Mangled by a yak

Illustrated notes

Levels and vault maps discovered:
D:1:      matt_arrival_los_fun, layout_rooms
D:2:      layout_basic
D:3:      layout_rooms, zin_purify, dreamdust_ecumenical_altar_grove,
          uniq_grinder, uniq_natasha, uniq_crazy_yiuf_cottage
D:4:      layout_basic, nicolae_hepliaklqana_monster_ancestors, hex_large,
          uniq_sigmund
D:5:      layout_gridville, hangedman_decor_peaks_small, uniq_ijyb

Skill      XL: |  1  2  3  4  5  6  7  8 |
---------------+-------------------------+-----
Spellcasting   | 4 5 6 7 |  7.4
Armour         | 1 2 3 |  3.2
Stealth        | 2 |  2.0
Evocations     | 1 |  1.0
Fighting       | 1 |  1.3
Short Blades   | |  0.3
Dodging        | |  2.5

Action                     |  1- 3 |  4- 6 |  7- 9 || total
---------------------------+-------+-------+-------++-------
  Melee: Short sword       |     2 |    22 |     3 ||    27
   Cast: Necrotise         |    39 |    16 |     4 ||    59
         Foxfire           |    21 |    37 |    55 ||   113
         Animate Dead      |       |     2 |     2 ||     4
         Vampiric Draining |       |     4 |    17 ||    21
         Agony             |       |       |     2 ||     2
   Stab: Sleeping          |     1 |       |       ||     1
 Armour: Robe              |     9 |     2 |       ||    11
         Leather armour    |       |     1 |     1 ||     2
  Dodge: Dodged            |    12 |    20 |    19 ||    51
